Panthers vs Hurricanes

Created - November 5 2011 at 12:34

Goals
1 2 3 T
Panthers 2 3 0 5
Hurricanes 1 0 0 1
Shots
1 2 3 T
Panthers 11 10 8 29
Hurricanes 15 5 5 25

Period #1

1. Hurricanes , Eric Staal 8 (Martin Hanzal, Jarome Iginla) at 2:05 (PP)
2. Panthers , Cory Stillman 1 (Andrew MacDonald, Brian Rafalski) at 7:30 (PP)
3. Panthers , Mike Santorelli 6 (Sam Gagner, Jason Garrison) at 10:28 (PP)

Penalties :
Brian Rafalski (FLA) for Roughing (Minor) at 0:07, Anton Volchenkov (FLA) for Hooking (Minor) at 0:51, Jaroslav Spacek (CAR) for Interference (Minor) at 7:10, Shawn Thornton (CAR) for Holding (Minor) at 8:00, Ryan OByrne (FLA) for Interference (Minor) at 8:00, Jaroslav Spacek (CAR) for Butt-ending (Major / Game Misconduct) at 8:44, Mike Weber (CAR) for Fighting (Major) at 16:35, Ryan OByrne (FLA) for Fighting (Major) at 16:35, Ryan Wilson (CAR) for Tripping (Minor) at 18:27

Period #2

4. Panthers , Dustin Penner 3 (Andy Greene) at 0:21 (PP)
5. Panthers , Matt Cullen 3 (Dustin Penner, Jason Garrison) at 5:51
6. Panthers , Sam Gagner 2 (Andy Greene, Matt Cullen) at 10:48

Penalties :
Ryan Wilson (CAR) for Holding (Minor) at 19:23

Period #3

No Goal

Penalties :
Dustin Penner (FLA) for Interference (Minor) at 2:36, Matt Cooke (CAR) for Hooking (Minor) at 10:41, Ryan Wilson (CAR) for Boarding (Minor) at 16:16

Goalie Stats

Corey Crawford (FLA), 24 saves from 25 shots - (0.960), W, 4-9-2, 60:00 minutes
Johan Hedberg (CAR), 24 saves from 29 shots - (0.828), L, 2-5-0, 60:00 minutes

Players Stats

Panthers
Player Name              G  A  P  +/- PIM S  H  SB FO    MP 
------------------------------------------------------------
Andrew Brunette          0  0  0   0  0   0  0  0  0/0   0  
Andrew MacDonald         0  1  1   0  0   2  0  1  0/0   23 
Andy Greene              0  2  2   2  0   1  0  2  0/0   24 
Anton Volchenkov         0  0  0   0  2   1  0  1  0/0   15 
Brian Rafalski           0  1  1   0  2   3  1  0  0/0   19 
Chris Drury              0  0  0   0  0   0  0  0  14/23 18 
Cory Stillman            1  0  1   0  0   4  1  0  1/3   18 
Dave Bolland             0  0  0   0  0   1  0  1  2/2   6  
David Steckel            0  0  0   0  0   0  0  0  1/1   1  
Dustin Penner            1  1  2   2  2   3  1  1  2/3   22 
Jason Blake              0  0  0   0  0   0  0  0  0/0   4  
Jason Garrison           0  2  2   2  0   1  2  1  0/0   24 
Matt Cullen              1  1  2   2  0   5  0  1  2/4   18 
Mike Santorelli          1  0  1   0  0   2  0  0  10/26 22 
Ryan OByrne              0  0  0   0  7   1  1  2  0/0   15 
Ryan Smyth               0  0  0   0  0   2  0  1  0/0   19 
Sam Gagner               1  1  2   2  0   1  1  0  2/4   22 
Sergei Shirokov          0  0  0   0  0   2  2  0  6/20  21 
Hurricanes
Player Name              G  A  P  +/- PIM S  H  SB FO    MP 
------------------------------------------------------------
Anton Stralman           0  0  0  -1  0   3  0  2  0/0   19 
Brad Boyes               0  0  0  -1  0   1  1  0  5/9   20 
Chris Thorburn           0  0  0   0  0   1  1  0  2/2   21 
Eric Staal               1  0  1  -2  0   3  1  0  14/29 24 
Jarome Iginla            0  1  1  -1  0   2  1  0  0/1   23 
Jaroslav Spacek          0  0  0   0  17  1  0  0  0/0   3  
Johnny Oduya             0  0  0   0  0   0  0  3  0/0   22 
Martin Hanzal            0  1  1  -1  0   1  1  0  15/23 22 
Matt Cooke               0  0  0   0  2   0  1  0  0/1   4  
Matt Hunwick             0  0  0   0  0   0  0  0  0/0   2  
Michael Ryder            0  0  0   0  0   0  0  0  0/0   1  
Mike Fisher              0  0  0   0  0   3  2  0  9/17  16 
Mike Weber               0  0  0  -1  5   0  1  2  0/0   18 
Ryan Shannon             0  0  0  -1  0   1  0  0  0/2   14 
Ryan Wilson              0  0  0   0  6   3  4  1  0/0   20 
Sergei Gonchar           0  0  0  -1  0   0  1  1  0/0   24 
Shawn Thornton           0  0  0   0  2   3  1  0  0/0   13 
Thomas Vanek             0  0  0  -1  0   3  2  0  1/2   18 

3 Stars

1 - Sam Gagner (FLA)
2 - Matt Cullen (FLA)
3 - Jason Garrison (FLA)

Power Play

Panthers - 3 on 6 Attempt(s) - 50.00%
Hurricanes - 1 on 3 Attempt(s) - 33.33%

Penalty Kill

Panthers - 2 on 3 Attempt(s) - 66.67% - Score 0 goal in Penalty Kill
Hurricanes - 3 on 6 Attempt(s) - 50.00% - Score 0 goal in Penalty Kill

Game Notes

Jaroslav Spacek ejected from game at 8:44 of 1st period
Mike Weber and Ryan OByrne fight to a draw at 16:35 of 1st period

Finance

Level 1 -- Attendance: 6000 (100.00%) -- Ticket Income $540,000.00
Level 2 -- Attendance: 3586 (71.72%) -- Ticket Income $197,230.00
Level 3 -- Attendance: 2440 (69.71%) -- Ticket Income $85,400.00
Level 4 -- Attendance: 2783 (86.16%) -- Ticket Income $52,877.00
Luxury Box -- Attendance: 864 (86.40%) -- Ticket Income $159,840.00
Game was played at the RBC Center
Total Attendance: 15673 (83.68%)
Total Ticket Income: $1,127,707.00
Other Income: $212,926.80
Total Income: $1,340,634.00


Play by Play

Period #1

0:01 of 1st period - Eric Staal wins face-off versus Sergei Shirokov in neutral zone.
0:07 of 1st period - Minor Penalty to Brian Rafalski for Roughing.
0:08 of 1st period - Chris Drury wins face-off versus Brad Boyes in Panthers zone.
0:51 of 1st period - Minor Penalty to Anton Volchenkov for Hooking.
0:52 of 1st period - Chris Drury wins face-off versus Eric Staal in Panthers zone.
1:03 of 1st period - Shot by Sergei Gonchar.
1:03 of 1st period - Shot Blocked by Andrew MacDonald.
1:25 of 1st period - Shot by Anton Stralman.
1:25 of 1st period - Stopped by Corey Crawford without a rebound.
1:26 of 1st period - Brad Boyes wins face-off versus Sergei Shirokov in Panthers zone.
1:27 of 1st period - Shot by Ryan Wilson.
1:27 of 1st period - Deflect By Thomas Vanek.
1:27 of 1st period - Shot Blocked by Andy Greene.
1:29 of 1st period - Shot by Jaroslav Spacek.
1:29 of 1st period - Stopped by Corey Crawford with a rebound.
1:31 of 1st period - Shot by Martin Hanzal.
1:31 of 1st period - Stopped by Corey Crawford with a rebound.
1:33 of 1st period - Shot by Martin Hanzal.
1:33 of 1st period - Shot Misses the Net.
1:35 of 1st period - Shot by Ryan Wilson.
1:35 of 1st period - Stopped by Corey Crawford without a rebound.
1:36 of 1st period - Sergei Shirokov wins face-off versus Eric Staal in Panthers zone.
1:51 of 1st period - Shot by Eric Staal.
1:51 of 1st period - Stopped by Corey Crawford with a rebound.
2:01 of 1st period - Shot by Jarome Iginla.
2:01 of 1st period - Shot Misses the Net.
2:03 of 1st period - Shot by Martin Hanzal.
2:03 of 1st period - Shot Misses the Net.
2:05 of 1st period - Shot by Eric Staal.
2:05 of 1st period - Goal by Eric Staal - Panthers : 0 - Hurricanes : 1.
2:06 of 1st period - Brad Boyes wins face-off versus Sergei Shirokov in neutral zone.
2:08 of 1st period - Off-side.
2:09 of 1st period - Sergei Shirokov wins face-off versus Brad Boyes in neutral zone.
2:19 of 1st period - Shot by Chris Thorburn.
2:19 of 1st period - Stopped by Corey Crawford with a rebound.
2:33 of 1st period - Shot by Thomas Vanek.
2:33 of 1st period - Stopped by Corey Crawford without a rebound.
2:34 of 1st period - Chris Drury wins face-off versus Eric Staal in Panthers zone.
2:55 of 1st period - Icing by Jason Garrison.
2:56 of 1st period - Dustin Penner wins face-off versus Mike Fisher in Panthers zone.
2:56 of 1st period - Dustin Penner is hit by Shawn Thornton.
2:59 of 1st period - Icing by Jason Garrison.
3:00 of 1st period - Mike Santorelli wins face-off versus Martin Hanzal in Panthers zone.
3:15 of 1st period - Shot by Martin Hanzal.
3:15 of 1st period - Shot Blocked by Jason Garrison.
4:10 of 1st period - Shot by Brian Rafalski.
4:10 of 1st period - Stopped by Johan Hedberg without a rebound.
4:11 of 1st period - Matt Cullen wins face-off versus Eric Staal in Hurricanes zone.
4:28 of 1st period - Shot by Matt Cullen.
4:28 of 1st period - Shot Blocked by Anton Stralman.
4:30 of 1st period - Shot by Chris Drury.
4:30 of 1st period - Shot Misses the Net.
5:39 of 1st period - Shot by Matt Cullen.
5:39 of 1st period - Stopped by Johan Hedberg with a rebound.
6:00 of 1st period - Icing by Jason Garrison.
6:01 of 1st period - Brad Boyes wins face-off versus Mike Santorelli in Panthers zone.
6:19 of 1st period - Icing by Andy Greene.
6:20 of 1st period - Mike Fisher wins face-off versus Mike Santorelli in Panthers zone.
7:01 of 1st period - Shot by Shawn Thornton.
7:01 of 1st period - Shot Misses the Net.
7:10 of 1st period - Minor Penalty to Jaroslav Spacek for Interference.
7:11 of 1st period - Martin Hanzal wins face-off versus Dustin Penner in Hurricanes zone.
7:30 of 1st period - Shot by Cory Stillman.
7:30 of 1st period - Goal by Cory Stillman - Panthers : 1 - Hurricanes : 1.
7:31 of 1st period - Chris Drury wins face-off versus Brad Boyes in neutral zone.
7:42 of 1st period - Shot by Dustin Penner.
7:42 of 1st period - Stopped by Johan Hedberg with a rebound.
7:48 of 1st period - Shot by Ryan OByrne.
7:48 of 1st period - Stopped by Johan Hedberg without a rebound.
7:49 of 1st period - Mike Fisher wins face-off versus Mike Santorelli in Hurricanes zone.
8:00 of 1st period - Minor Penalty to Shawn Thornton for Holding.
8:00 of 1st period - Minor Penalty to Ryan OByrne for Interference.
8:01 of 1st period - Eric Staal wins face-off versus Mike Santorelli in Panthers zone.
8:06 of 1st period - Shot by Thomas Vanek.
8:06 of 1st period - Stopped by Corey Crawford without a rebound.
8:07 of 1st period - Mike Santorelli wins face-off versus Eric Staal in Panthers zone.
8:21 of 1st period - Shot by Mike Santorelli.
8:21 of 1st period - Stopped by Johan Hedberg without a rebound.
8:22 of 1st period - Eric Staal wins face-off versus Sergei Shirokov in Hurricanes zone.
8:44 of 1st period - Major / Game Misconduct Penalty to Jaroslav Spacek for Butt-ending.
8:44 of 1st period - Jaroslav Spacek is ejected from game.
8:45 of 1st period - Martin Hanzal wins face-off versus Mike Santorelli in Hurricanes zone.
8:45 of 1st period - Martin Hanzal is hit by Dustin Penner.
9:18 of 1st period - Off-side.
9:19 of 1st period - Eric Staal wins face-off versus Sergei Shirokov in neutral zone.
9:30 of 1st period - Martin Hanzal is hit by Sergei Shirokov and loses puck.
10:22 of 1st period - Shot by Andy Greene.
10:22 of 1st period - Shot Misses the Net.
10:24 of 1st period - Shot by Jason Garrison.
10:24 of 1st period - Shot Misses the Net.
10:28 of 1st period - Shot by Mike Santorelli.
10:28 of 1st period - Goal by Mike Santorelli - Panthers : 2 - Hurricanes : 1.
10:29 of 1st period - Matt Cullen wins face-off versus Eric Staal in neutral zone.
10:40 of 1st period - Off-side.
10:41 of 1st period - Martin Hanzal wins face-off versus Sam Gagner in neutral zone.
10:49 of 1st period - Icing by Sam Gagner.
10:50 of 1st period - Sam Gagner wins face-off versus Martin Hanzal in Panthers zone.
11:07 of 1st period - Shot by Brian Rafalski.
11:07 of 1st period - Shot Misses the Net.
11:19 of 1st period - Shot by Jason Garrison.
11:19 of 1st period - Shot Misses the Net.
11:21 of 1st period - Shot by Sam Gagner.
11:21 of 1st period - Deflect By Dustin Penner.
11:21 of 1st period - Shot Blocked by Mike Weber.
12:15 of 1st period - Shot by Cory Stillman.
12:15 of 1st period - Shot Misses the Net.
12:17 of 1st period - Shot by Cory Stillman.
12:17 of 1st period - Shot Misses the Net.
13:43 of 1st period - Shot by Matt Cullen.
13:43 of 1st period - Stopped by Johan Hedberg without a rebound.
13:44 of 1st period - Martin Hanzal wins face-off versus Mike Santorelli in Hurricanes zone.
14:31 of 1st period - Shot by Mike Fisher.
14:31 of 1st period - Shot Blocked by Dave Bolland.
14:33 of 1st period - Shot by Shawn Thornton.
14:33 of 1st period - Shot Misses the Net.
14:37 of 1st period - Shot by Shawn Thornton.
14:37 of 1st period - Shot Blocked by Ryan OByrne.
14:41 of 1st period - Shot by Mike Fisher.
14:41 of 1st period - Stopped by Corey Crawford without a rebound.
14:42 of 1st period - Eric Staal wins face-off versus Cory Stillman in Panthers zone.
14:43 of 1st period - Shot by Jarome Iginla.
14:43 of 1st period - Stopped by Corey Crawford without a rebound.
14:44 of 1st period - Chris Drury wins face-off versus Eric Staal in Panthers zone.
15:01 of 1st period - Shot by Thomas Vanek.
15:01 of 1st period - Shot Misses the Net.
15:03 of 1st period - Shot by Anton Stralman.
15:03 of 1st period - Stopped by Corey Crawford without a rebound.
15:04 of 1st period - Brad Boyes wins face-off versus Cory Stillman in Panthers zone.
15:13 of 1st period - Shot by Ryan Wilson.
15:13 of 1st period - Stopped by Corey Crawford without a rebound.
15:14 of 1st period - Sergei Shirokov wins face-off versus Mike Fisher in Panthers zone.
15:41 of 1st period - Shot by Cory Stillman.
15:41 of 1st period - Stopped by Johan Hedberg without a rebound.
15:42 of 1st period - Mike Santorelli wins face-off versus Jarome Iginla in Hurricanes zone.
16:20 of 1st period - Shot by Jarome Iginla.
16:20 of 1st period - Shot Misses the Net.
16:35 of 1st period - Mike Weber and Ryan OByrne fight to a draw.
16:35 of 1st period - Penalty to Mike Weber for Fighting.
16:35 of 1st period - Penalty to Ryan OByrne for Fighting.
16:36 of 1st period - Chris Drury wins face-off versus Martin Hanzal in Hurricanes zone.
16:39 of 1st period - Shot by Sergei Shirokov.
16:39 of 1st period - Shot Blocked by Ryan Wilson.
17:10 of 1st period - Icing by Andrew MacDonald.
17:11 of 1st period - Chris Drury wins face-off versus Mike Fisher in Panthers zone.
17:26 of 1st period - Shot by Brad Boyes.
17:26 of 1st period - Deflect By Shawn Thornton.
17:26 of 1st period - Stopped by Corey Crawford without a rebound.
17:27 of 1st period - Thomas Vanek wins face-off versus Mike Santorelli in Panthers zone.
17:36 of 1st period - Shot by Jarome Iginla.
17:36 of 1st period - Shot Misses the Net.
17:40 of 1st period - Shot by Eric Staal.
17:40 of 1st period - Stopped by Corey Crawford without a rebound.
17:41 of 1st period - Chris Drury wins face-off versus Mike Fisher in Panthers zone.
17:45 of 1st period - Brian Rafalski is hit by Ryan Wilson and loses puck.
18:27 of 1st period - Minor Penalty to Ryan Wilson for Tripping.
18:28 of 1st period - Mike Santorelli wins face-off versus Eric Staal in Hurricanes zone.
18:41 of 1st period - Shot by Sam Gagner.
18:41 of 1st period - Shot Blocked by Johnny Oduya.
19:23 of 1st period - Shot by Andrew MacDonald.
19:23 of 1st period - Stopped by Johan Hedberg without a rebound.
19:24 of 1st period - Cory Stillman wins face-off versus Martin Hanzal in Hurricanes zone.
19:27 of 1st period - Shot by Andrew MacDonald.
19:27 of 1st period - Stopped by Johan Hedberg without a rebound.
19:28 of 1st period - Martin Hanzal wins face-off versus Matt Cullen in Hurricanes zone.

Period #2

0:01 of 2nd period - Sergei Shirokov wins face-off versus Eric Staal in neutral zone.
0:08 of 2nd period - Shot by Brian Rafalski.
0:08 of 2nd period - Shot Blocked by Johnny Oduya.
0:10 of 2nd period - Shot by Sergei Shirokov.
0:10 of 2nd period - Stopped by Johan Hedberg without a rebound.
0:11 of 2nd period - Martin Hanzal wins face-off versus Mike Santorelli in Hurricanes zone.
0:21 of 2nd period - Shot by Dustin Penner.
0:21 of 2nd period - Goal by Dustin Penner - Panthers : 3 - Hurricanes : 1.
0:22 of 2nd period - Mike Fisher wins face-off versus Sergei Shirokov in neutral zone.
0:44 of 2nd period - Ryan Smyth is hit by Ryan Wilson.
0:52 of 2nd period - Shot by Cory Stillman.
0:52 of 2nd period - Stopped by Johan Hedberg without a rebound.
0:53 of 2nd period - Eric Staal wins face-off versus Mike Santorelli in Hurricanes zone.
1:02 of 2nd period - Shot by Thomas Vanek.
1:02 of 2nd period - Shot Misses the Net.
1:17 of 2nd period - Off-side.
1:18 of 2nd period - Martin Hanzal wins face-off versus Chris Drury in neutral zone.
1:29 of 2nd period - Shot by Ryan Shannon.
1:29 of 2nd period - Shot Misses the Net.
2:20 of 2nd period - Andy Greene is hit by Chris Thorburn and loses puck.
2:37 of 2nd period - Shot by Mike Fisher.
2:37 of 2nd period - Stopped by Corey Crawford without a rebound.
2:38 of 2nd period - Chris Drury wins face-off versus Thomas Vanek in Panthers zone.
4:42 of 2nd period - Shot by Mike Fisher.
4:42 of 2nd period - Stopped by Corey Crawford without a rebound.
4:43 of 2nd period - Chris Drury wins face-off versus Mike Fisher in Panthers zone.
4:58 of 2nd period - Shot by Ryan Wilson.
4:58 of 2nd period - Shot Misses the Net.
5:00 of 2nd period - Shot by Shawn Thornton.
5:00 of 2nd period - Stopped by Corey Crawford without a rebound.
5:01 of 2nd period - Martin Hanzal wins face-off versus Mike Santorelli in Panthers zone.
5:01 of 2nd period - Martin Hanzal is hit by Ryan OByrne.
5:07 of 2nd period - Shot by Martin Hanzal.
5:07 of 2nd period - Shot Blocked by Ryan OByrne.
5:45 of 2nd period - Shot by Matt Cullen.
5:45 of 2nd period - Shot Misses the Net.
5:49 of 2nd period - Shot by Dustin Penner.
5:49 of 2nd period - Shot Blocked by Mike Weber.
5:51 of 2nd period - Shot by Matt Cullen.
5:51 of 2nd period - Goal by Matt Cullen - Panthers : 4 - Hurricanes : 1.
5:52 of 2nd period - Chris Drury wins face-off versus Mike Fisher in neutral zone.
6:15 of 2nd period - Shot by Cory Stillman.
6:15 of 2nd period - Shot Hit the Post.
6:17 of 2nd period - Shot by Cory Stillman.
6:17 of 2nd period - Shot Blocked by Johnny Oduya.
6:19 of 2nd period - Shot by Chris Drury.
6:19 of 2nd period - Shot Misses the Net.
6:21 of 2nd period - Shot by Matt Cullen.
6:21 of 2nd period - Shot Misses the Net.
6:40 of 2nd period - Dustin Penner is hit by Ryan Wilson and loses puck.
6:49 of 2nd period - Shot by Mike Santorelli.
6:49 of 2nd period - Shot Misses the Net.
6:53 of 2nd period - Shot by Dustin Penner.
6:53 of 2nd period - Stopped by Johan Hedberg without a rebound.
6:54 of 2nd period - Eric Staal wins face-off versus Sergei Shirokov in Hurricanes zone.
7:13 of 2nd period - Shot by Jarome Iginla.
7:13 of 2nd period - Shot Misses the Net.
7:55 of 2nd period - Shot by Matt Cullen.
7:55 of 2nd period - Shot Blocked by Anton Stralman.
8:43 of 2nd period - Off-side.
8:44 of 2nd period - Chris Drury wins face-off versus Mike Fisher in neutral zone.
8:59 of 2nd period - Brian Rafalski is hit by Mike Fisher and loses puck.
9:46 of 2nd period - Icing by Johnny Oduya.
9:47 of 2nd period - Chris Thorburn wins face-off versus Sergei Shirokov in Hurricanes zone.
10:11 of 2nd period - Jason Blake is hit by Thomas Vanek and loses puck.
10:20 of 2nd period - Eric Staal is hit by Sergei Shirokov and loses puck.
10:39 of 2nd period - Thomas Vanek is hit by Sam Gagner and loses puck.
10:44 of 2nd period - Shot by Sam Gagner.
10:44 of 2nd period - Deflect By Matt Cullen.
10:44 of 2nd period - Shot Misses the Net.
10:48 of 2nd period - Shot by Sam Gagner.
10:48 of 2nd period - Goal by Sam Gagner - Panthers : 5 - Hurricanes : 1.
10:49 of 2nd period - Sam Gagner wins face-off versus Ryan Shannon in neutral zone.
11:01 of 2nd period - Icing by Martin Hanzal.
11:02 of 2nd period - Dustin Penner wins face-off versus Martin Hanzal in Hurricanes zone.
12:44 of 2nd period - Cory Stillman is hit by Brad Boyes.
12:54 of 2nd period - Shot by Ryan Shannon.
12:54 of 2nd period - Shot Blocked by Ryan Smyth.
13:07 of 2nd period - Icing by Brad Boyes.
13:08 of 2nd period - Martin Hanzal wins face-off versus Matt Cullen in Hurricanes zone.
13:31 of 2nd period - Icing by Anton Volchenkov.
13:32 of 2nd period - Chris Thorburn wins face-off versus Chris Drury in Panthers zone.
13:53 of 2nd period - Shot by Ryan Wilson.
13:53 of 2nd period - Stopped by Corey Crawford without a rebound.
13:54 of 2nd period - Mike Fisher wins face-off versus Chris Drury in Panthers zone.
14:30 of 2nd period - Icing by Andy Greene.
14:31 of 2nd period - Mike Santorelli wins face-off versus Eric Staal in Panthers zone.
15:27 of 2nd period - Shot by Ryan Smyth.
15:27 of 2nd period - Stopped by Johan Hedberg without a rebound.
15:28 of 2nd period - Dave Bolland wins face-off versus Ryan Shannon in Hurricanes zone.
15:31 of 2nd period - Shot by Sam Gagner.
15:31 of 2nd period - Shot Misses the Net.
15:41 of 2nd period - Shot by Dave Bolland.
15:41 of 2nd period - Shot Misses the Net.
15:45 of 2nd period - Shot by Jason Blake.
15:45 of 2nd period - Shot Misses the Net.
15:47 of 2nd period - Shot by Anton Volchenkov.
15:47 of 2nd period - Shot Misses the Net.
15:49 of 2nd period - Shot by Anton Volchenkov.
15:49 of 2nd period - Stopped by Johan Hedberg with a rebound.
15:53 of 2nd period - Shot by Dave Bolland.
15:53 of 2nd period - Stopped by Johan Hedberg without a rebound.
15:54 of 2nd period - Mike Fisher wins face-off versus Sergei Shirokov in Hurricanes zone.
16:02 of 2nd period - Icing by Ryan Wilson.
16:03 of 2nd period - Mike Fisher wins face-off versus Mike Santorelli in Hurricanes zone.
16:58 of 2nd period - Shot by Thomas Vanek.
16:58 of 2nd period - Shot Misses the Net.
17:02 of 2nd period - Shot by Thomas Vanek.
17:02 of 2nd period - Shot Hit the Post.
17:06 of 2nd period - Shot by Thomas Vanek.
17:06 of 2nd period - Shot Misses the Net.
17:08 of 2nd period - Shot by Thomas Vanek.
17:08 of 2nd period - Stopped by Corey Crawford without a rebound.
17:09 of 2nd period - Martin Hanzal wins face-off versus Sergei Shirokov in Panthers zone.
17:26 of 2nd period - Shot by Brian Rafalski.
17:26 of 2nd period - Stopped by Johan Hedberg without a rebound.
17:27 of 2nd period - Martin Hanzal wins face-off versus Chris Drury in Hurricanes zone.
18:13 of 2nd period - Icing by Anton Volchenkov.
18:14 of 2nd period - Eric Staal wins face-off versus Chris Drury in Panthers zone.
18:30 of 2nd period - Shot by Jarome Iginla.
18:30 of 2nd period - Shot Misses the Net.
18:34 of 2nd period - Shot by Thomas Vanek.
18:34 of 2nd period - Shot Blocked by Matt Cullen.
18:38 of 2nd period - Shot by Eric Staal.
18:38 of 2nd period - Shot Blocked by Anton Volchenkov.
19:23 of 2nd period - Minor Penalty to Ryan Wilson for Holding.
19:24 of 2nd period - Dave Bolland wins face-off versus Martin Hanzal in Hurricanes zone.

Period #3

0:01 of 3rd period - Eric Staal wins face-off versus Sergei Shirokov in neutral zone.
0:16 of 3rd period - Shot by Cory Stillman.
0:16 of 3rd period - Stopped by Johan Hedberg with a rebound.
0:18 of 3rd period - Shot by Brian Rafalski.
0:18 of 3rd period - Stopped by Johan Hedberg without a rebound.
0:19 of 3rd period - Mike Santorelli wins face-off versus Eric Staal in Hurricanes zone.
0:20 of 3rd period - Shot by Jason Garrison.
0:20 of 3rd period - Stopped by Johan Hedberg without a rebound.
0:21 of 3rd period - Mike Santorelli wins face-off versus Eric Staal in Hurricanes zone.
0:32 of 3rd period - Shot by Andy Greene.
0:32 of 3rd period - Stopped by Johan Hedberg with a rebound.
0:39 of 3rd period - Icing by Sam Gagner.
0:40 of 3rd period - Martin Hanzal wins face-off versus Mike Santorelli in Panthers zone.
1:21 of 3rd period - Icing by Cory Stillman.
1:22 of 3rd period - Martin Hanzal wins face-off versus Sergei Shirokov in Panthers zone.
1:29 of 3rd period - Shot by Shawn Thornton.
1:29 of 3rd period - Stopped by Corey Crawford without a rebound.
1:30 of 3rd period - Eric Staal wins face-off versus Sergei Shirokov in Panthers zone.
1:32 of 3rd period - Thomas Vanek is hit by Brian Rafalski and loses puck.
1:35 of 3rd period - Shot by Jarome Iginla.
1:35 of 3rd period - Stopped by Corey Crawford without a rebound.
1:36 of 3rd period - Mike Fisher wins face-off versus Chris Drury in Panthers zone.
1:47 of 3rd period - Shot by Matt Cullen.
1:47 of 3rd period - Stopped by Johan Hedberg without a rebound.
1:48 of 3rd period - Eric Staal wins face-off versus Sergei Shirokov in Hurricanes zone.
1:55 of 3rd period - Shot by Ryan Smyth.
1:55 of 3rd period - Shot Misses the Net.
2:36 of 3rd period - Minor Penalty to Dustin Penner for Interference.
2:37 of 3rd period - Chris Drury wins face-off versus Brad Boyes in Panthers zone.
3:05 of 3rd period - Off-side.
3:06 of 3rd period - Brad Boyes wins face-off versus Sam Gagner in neutral zone.
4:21 of 3rd period - Shot by Anton Stralman.
4:21 of 3rd period - Stopped by Corey Crawford without a rebound.
4:22 of 3rd period - Sergei Shirokov wins face-off versus Matt Cooke in Panthers zone.
4:22 of 3rd period - Sergei Shirokov is hit by Matt Cooke.
4:52 of 3rd period - Shot by Brad Boyes.
4:52 of 3rd period - Deflect By Martin Hanzal.
4:52 of 3rd period - Shot Misses the Net.
5:30 of 3rd period - Shot by Sam Gagner.
5:30 of 3rd period - Shot Blocked by Sergei Gonchar.
6:01 of 3rd period - Icing by Jason Garrison.
6:02 of 3rd period - Eric Staal wins face-off versus Mike Santorelli in Panthers zone.
6:02 of 3rd period - Jarome Iginla is hit by Jason Garrison and loses puck.
6:09 of 3rd period - Shot by Jarome Iginla.
6:09 of 3rd period - Shot Blocked by Andy Greene.
6:25 of 3rd period - Shot by Jarome Iginla.
6:25 of 3rd period - Deflect By Thomas Vanek.
6:25 of 3rd period - Shot Misses the Net.
7:01 of 3rd period - Shawn Thornton is hit by Jason Garrison and loses puck.
7:47 of 3rd period - Matt Cullen is hit by Eric Staal and loses puck.
7:50 of 3rd period - Shot by Anton Volchenkov.
7:50 of 3rd period - Shot Misses the Net.
7:54 of 3rd period - Shot by Sergei Shirokov.
7:54 of 3rd period - Stopped by Johan Hedberg without a rebound.
7:55 of 3rd period - Mike Fisher wins face-off versus Chris Drury in Hurricanes zone.
8:00 of 3rd period - Ryan Smyth is hit by Thomas Vanek and loses puck.
8:48 of 3rd period - Shot by Eric Staal.
8:48 of 3rd period - Shot Misses the Net.
9:30 of 3rd period - Shot by Ryan Shannon.
9:30 of 3rd period - Stopped by Corey Crawford with a rebound.
9:32 of 3rd period - Shot by Brad Boyes.
9:32 of 3rd period - Stopped by Corey Crawford without a rebound.
9:33 of 3rd period - David Steckel wins face-off versus Mike Fisher in Panthers zone.
10:06 of 3rd period - Andrew MacDonald is hit by Jarome Iginla and loses puck.
10:32 of 3rd period - Off-side.
10:33 of 3rd period - Eric Staal wins face-off versus Chris Drury in neutral zone.
10:41 of 3rd period - Minor Penalty to Matt Cooke for Hooking.
10:42 of 3rd period - Chris Drury wins face-off versus Martin Hanzal in Hurricanes zone.
11:19 of 3rd period - Off-side.
11:20 of 3rd period - Sergei Shirokov wins face-off versus Eric Staal in neutral zone.
12:20 of 3rd period - Icing by Sam Gagner.
12:21 of 3rd period - Mike Santorelli wins face-off versus Eric Staal in Panthers zone.
13:06 of 3rd period - Shot by Mike Fisher.
13:06 of 3rd period - Shot Misses the Net.
13:10 of 3rd period - Shot by Brad Boyes.
13:10 of 3rd period - Shot Hit the Post.
13:35 of 3rd period - Brian Rafalski is hit by Mike Weber and loses puck.
13:52 of 3rd period - Brian Rafalski is hit by Martin Hanzal and loses puck.
14:04 of 3rd period - Icing by Johnny Oduya.
14:05 of 3rd period - Martin Hanzal wins face-off versus Mike Santorelli in Hurricanes zone.
14:23 of 3rd period - Shot by Matt Cullen.
14:23 of 3rd period - Stopped by Johan Hedberg without a rebound.
14:24 of 3rd period - Mike Santorelli wins face-off versus Eric Staal in Hurricanes zone.
14:24 of 3rd period - Sam Gagner is hit by Sergei Gonchar and loses puck.
14:45 of 3rd period - Shot by Eric Staal.
14:45 of 3rd period - Shot Misses the Net.
15:39 of 3rd period - Sergei Gonchar is hit by Cory Stillman and loses puck.
15:58 of 3rd period - Shot by Ryan Smyth.
15:58 of 3rd period - Stopped by Johan Hedberg without a rebound.
15:59 of 3rd period - Mike Fisher wins face-off versus Mike Santorelli in Hurricanes zone.
16:16 of 3rd period - Minor Penalty to Ryan Wilson for Boarding.
16:17 of 3rd period - Martin Hanzal wins face-off versus Chris Drury in Hurricanes zone.
16:39 of 3rd period - Cory Stillman is hit by Mike Fisher and loses puck.
18:16 of 3rd period - Sam Gagner is hit by Ryan Wilson and loses puck.
18:40 of 3rd period - Off-side.
18:41 of 3rd period - Mike Santorelli wins face-off versus Martin Hanzal in neutral zone.
19:09 of 3rd period - Shot by Johnny Oduya.
19:09 of 3rd period - Shot Blocked by Dustin Penner.
19:16 of 3rd period - Icing by Andy Greene.
19:17 of 3rd period - Eric Staal wins face-off versus Mike Santorelli in Panthers zone.


Output by the SimonT Hockey Simulator (STHS) for Stephane Roy -- Original Page W3C XHTML 1.0 Valid